 Dungeon Crawl Stone Soup version 0.15-a0-2193-g309c75d (webtiles) character file.

340 Ololoev the Thrower (level 6, 0/51 HPs)
             Began as a Centaur Hunter on July 22, 2014.
             Was an Initiate of Okawaru.
             Killed by divine providence
             ... invoked by an orc priest
              (16 damage)
             ... on Level 4 of the Dungeon.
             The game lasted 00:17:46 (3823 turns).

Ololoev the Thrower (Centaur Hunter)                Turns: 3823, Time: 00:17:46

HP   0/51        AC 12     Str 15      XL: 6   Next: 30%
MP   5/5         EV  7     Int 10      God: Okawaru [......]
Gold 153         SH  0     Dex 11      Spells:  0 memorised,  5 levels left

rFire  . . .     SeeInvis .     c - +2 mace (protect)
rCold  . . .     Clarity  .     n - +0 ring mail
rNeg   . . .     rCorr    .     (no shield)
rPois  .         rRot     .     (no helmet)
rElec  .         Spirit   .     x - +0 cloak
SustAb .         Warding  .     m - +0 pair of gloves
rMut   .         Stasis   .     (no barding)
Gourm  .                        (no amulet)
MR     .....                    (no ring)
                                a - ring of flight

@: very quick, not resistant to hostile enchantments, extremely unstealthy
A: hooves 3, deformed body, speed 2, tough skin 3
a: Renounce Religion, Evoke Flight


You were on level 4 of the Dungeon.
You worshipped Okawaru.
Okawaru was noncommittal.
You were not hungry.

You visited 1 branch of the dungeon, and saw 4 of its levels.

You collected 153 gold pieces.

Inventory:

Hand weapons
 c - a +2 mace of protection (weapon)
 e - a +2 dagger of venom
Missiles
 d - 16 poisoned needles
 h - 152 stones (quivered)
 o - a throwing net
 v - 4 tomahawks
Armour
 m - a +0 pair of gloves (worn)
 n - a +0 ring mail (worn)
 x - a +0 cloak (worn)
Magical devices
 y - a wand of paralysis (3)
Comestibles
 f - 4 bread rations
 i - a meat ration
 k - 3 fruits
 p - a royal jelly
 q - a beef jerky
 t - a rotting chunk of goblin flesh
 u - 2 rotting chunks of hobgoblin flesh
Scrolls
 j - 2 scrolls of remove curse
 r - a scroll of fear
Jewellery
 a - a ring of flight (left hand)
Potions
 g - 2 potions of might
 l - a potion of flight {unknown}
 s - a potion of magic {unknown}
 w - a potion of brilliance


   Skills:
 - Level 3.0 Fighting
 - Level 0.8 Short Blades
 + Level 2.1 Maces & Flails
 + Level 8.9 Throwing
 - Level 1.3 Dodging
 - Level 0.5 Stealth


You had 5 spell levels left.
You didn't know any spells.

Dungeon Overview and Level Annotations

Branches:
Dungeon (4/15)
 Temple: D:4-7

Altars:
Dithmenos
Elyvilon
Fedhas
Makhleb
Okawaru
Qazlal
Zin


Innate Abilities, Weirdness & Mutations

You have hooves in place of feet.
Armour fits poorly on your strangely shaped body.
You cover ground very quickly.
You have extremely tough skin (AC +3).


Message History

The orc wizard points at you and mumbles some strange words.
You resist. The orc wizard hits you with a dagger.
You hit the orc wizard but do no damage.
Your kick misses the orc wizard.
The orc wizard is heavily wounded.
The orc wizard hits you but does no damage.
The orc priest calls upon Beogh to heal the orc wizard.
The orc wizard's wounds heal themselves!
The orc wizard hits you but does no damage.
The orc wizard points at you and mumbles some strange words.
The magic dart hits you!
The orc priest invokes the aid of Beogh against you.
Something smites you! The orc wizard casts a spell at you.
The magic dart hits you!
The orc priest glows brightly for a moment.
The orc priest's eyes start to glow.
The orc priest mumbles some strange prayers to Beogh against you.
Something smites you!
You die...

#.# #.......##. . #.# ####.#####.
#.## ## #.# ##)#####. #.#. .#
##.## ##........ # ...#. #...#
##.....#### ##. #... #...#
##.......##
#...##.########...####.........##
.......o.o...o.......'.........'.
#...##.########.@.####.........##
# #.# ###.## ##.......## #.#
##....# ##.....## #####o# #.....#
##...## #oo(.[# ##....# ##+##
##(##### #.#### #.# ...# #.# #.#
...# #.# #########.## ...# #.#
#.....##...##


You could see an orc priest and an orc wizard.

Vanquished Creatures
  2 orc priests
  Ijyb (D:2)
  Terence (D:3)
  4 gnolls (D:3)
  9 adders
  4 worms
  A giant gecko (D:3)
  An ooze (D:3)
  13 orcs
  7 bats
  9 giant cockroaches
  8 hobgoblins
  14 jackals
  8 kobolds
  A ball python (D:2)
  3 giant newts
  11 goblins
  A hobgoblin skeleton (D:4)
  7 rats
105 creatures vanquished.

Notes
Turn   | Place    | Note
--------------------------------------------------------------
     0 | D:1      | Ololoev, the Centaur Hunter, began the quest for the Orb.
     0 | D:1      | Reached XP level 1. HP: 17/17 MP: 1/1
   223 | D:1      | Reached XP level 2. HP: 21/24 MP: 2/2
   307 | D:1      | Reached skill level 6 in Throwing
  1328 | D:2      | Reached XP level 3. HP: 29/29 MP: 3/3
  1424 | D:2      | Noticed Ijyb
  1428 | D:2      | Killed Ijyb
  1428 | D:2      | Reached skill level 7 in Throwing
  1708 | D:2      | Reached XP level 4. HP: 27/36 MP: 3/3
  1732 | D:2      | Found a shadowy altar of Dithmenos.
  2268 | D:3      | Reached skill level 8 in Throwing
  2473 | D:3      | Found a blossoming altar of Fedhas.
  2566 | D:3      | Found a burning altar of Makhleb.
  2578 | D:3      | Noticed Terence
  2593 | D:3      | Killed Terence
  2593 | D:3      | Reached XP level 5. HP: 42/42 MP: 4/4
  2910 | D:3      | Found a glowing silver altar of Zin.
  2910 | D:3      | Noticed an angel
  2929 | D:3      | Found a stormy altar of Qazlal.
  2931 | D:3      | Found a white marble altar of Elyvilon.
  2950 | D:3      | Reached skill level 1 in Maces & Flails
  2971 | D:3      | Found an iron altar of Okawaru.
  2975 | D:3      | Became a worshipper of Warmaster Okawaru
  3122 | D:4      | Reached XP level 6. HP: 40/51 MP: 5/5
  3823 | D:4      | Killed from afar by an orc priest

Action                   |  1- 3 |  4- 6 || total
-------------------------+-------+-------++-------
Melee: Short sword       |    31 |       ||    31
       Dagger            |    34 |    53 ||    87
       Mace              |       |    92 ||    92
Throw: Stone             |    79 |   122 ||   201
       Javelin           |     4 |    12 ||    16
       Throwing net      |       |     2 ||     2
Evoke: Wand              |       |     5 ||     5
  Use: Scroll            |     6 |     4 ||    10
       Potion            |     2 |       ||     2
 Stab: Held in net/web   |       |     1 ||     1
       Paralysed         |       |     3 ||     3
  Eat: Chunk             |     1 |     6 ||     7
